 Dungeon Crawl Stone Soup version 0.31-a0-361-g0f8bd3a31e (webtiles) character file.

Game seed: 13093849289459579145

33195 CrazyBamboolord the Thaumaturge (level 13, -11/96 HPs)
             Began as a Demonspawn Ice Elementalist on July 26, 2023.
             Was a High Priest of Sif Muna.
             Mangled by a spriggan
             ... wielding a +0 spear
              (12 damage)
             ... on level 5 of the Lair of Beasts on July 27, 2023.
             The game lasted 00:57:37 (17647 turns).

CrazyBamboolord the Thaumaturge (DsIE)             Turns: 17647, Time: 00:57:37

Health: -11/96     AC: 10    Str: 13    XL:     13   Next: 35%
Magic:  14/28      EV: 15    Int: 22    God:    Sif Muna [*****.]
Gold:   127        SH:  6    Dex: 15    Spells: 12/35 levels left

rFire   . . .        u - +0 battleaxe "Yjang" {flame, Str+4 Int+2}
rCold   . . .        (shield currently unavailable)
rNeg    + . .        F - +2 robe {Will+}
rPois   +            a - +0 hat
rElec   .            s - +2 cloak
rCorr   .            L - +2 pair of gloves
SInv    .            (no boots)
Will    +....        o - amulet of regeneration
Stlth   +++          j - ring of poison resistance
HPRegen 1.16/turn    J - ring of positive energy
MPRegen 0.21/turn

%: no passive effects
@: no status effects
A: horns 1, large bone plates 2, spiny 2, demonic magic 1
a: Renounce Religion, Channel Magic, Forget Spell, Divine Exegesis


You were on level 5 of the Lair of Beasts.
You worshipped Sif Muna.
Sif Muna was extremely pleased with you.
You visited 3 branches of the dungeon, and saw 15 of its levels.
You also visited: Ossuary.

You collected 557 gold pieces.
You spent 430 gold pieces at shops.

Inventory:

Hand Weapons
 u - the +0 battleaxe "Yjang" (weapon) {flame, Str+4 Int+2}
   (You found it on level 5 of the Dungeon)

   Str:       It affects your strength (+4).
   Int:       It affects your intelligence (+2).
Armour
 a - a +0 hat (worn)
 s - a +2 cloak (worn)
 E - the +0 robe of Moudih {rF+ Int+2 Dex-3}
   (You bought it in a shop on level 8 of the Dungeon)

   Int:       It affects your intelligence (+2).
   Dex:       It affects your dexterity (-3).
   rF:        It protects you from fire.
 F - a +2 robe of willpower (worn)
 G - +0 acid dragon scales
 L - a +2 pair of gloves (worn)
Jewellery
 j - a ring of poison resistance (left hand)
 o - an amulet of regeneration (around neck)
 y - a ring of see invisible
 J - a ring of positive energy (right hand)
 N - a +5 ring of evasion
Wands
 p - a wand of flame (14)
 B - a wand of roots (33)
 M - a wand of light (7)
 O - a wand of polymorph (8)
 P - a wand of charming (2)
Scrolls
 c - 10 scrolls of teleportation
 e - 3 scrolls of vulnerability
 f - 3 scrolls of brand weapon
 k - 4 scrolls of fear
 m - a scroll of enchant armour
 n - a scroll of amnesia
 q - 4 scrolls of summoning
 t - a scroll of noise {unknown}
 v - 2 scrolls of blinking
 A - 2 scrolls of enchant weapon
 C - a scroll of poison {unknown}
 I - a scroll of immolation {unknown}
 Q - a scroll of identify
Potions
 b - 2 potions of magic
 d - 5 potions of brilliance
 g - 4 potions of haste
 h - 4 potions of curing
 i - 2 potions of cancellation {unknown}
 l - 3 potions of enlightenment
 r - 3 potions of might {unknown}
 w - 4 potions of heal wounds
 x - a potion of mutation {unknown}
 z - 5 potions of invisibility
 D - 2 potions of degeneration {unknown}
 H - 2 potions of attraction {unknown}
 K - a potion of ambrosia {unknown}


   Skills:
 * Level 7.0 Fighting
 * Level 6.7 Dodging
 - Level 4.0 Stealth
 - Level 0.1 Shields
 * Level 11.7 Spellcasting
 * Level 7.0 Conjurations
 * Level 5.7 Summonings
 * Level 1.6 Translocations
 * Level 11.4 Ice Magic
 * Level 1.4 Air Magic
 * Level 8.1 Invocations


You had 12 spell levels left.
You knew the following spells:

 Your Spells              Type           Power      Damage    Failure   Level
a - Freeze                Ice            100%       1d10      1%          1
b - Frozen Ramparts       Ice            100%       1d16      1%          3
c - Ozocubu's Armour      Ice            59%        N/A       1%          3
d - Hailstorm             Conj/Ice       52%        3d12      1%          3
e - Summon Ice Beast      Ice/Summ       50%        N/A       1%          4
f - Freezing Cloud        Conj/Ice/Air   21%        6-21      9%          5
g - Iskenderun's Mystic   Conj/Tloc      32%        2d8       9%          4

Your spell library contained the following spells:

 Spells                   Type           Power      Damage    Failure   Level
 Foxfire                  Conj/Fire      100%       2x1d9     1%          1
 Magic Dart               Conj           100%       1d8       1%          1
 Shock                    Conj/Air       100%       1d9       1%          1
 Call Imp                 Summ           76%        N/A       1%          2
 Static Discharge         Conj/Air       62%        2-5/arc   1%          2
 Call Canine Familiar     Summ           38%        N/A       1%          3
 Blink                    Tloc           40%        N/A       3%          2
 Mephitic Cloud           Conj/Pois/Air  25%        N/A       4%          3
 Summon Guardian Golem    Hex/Summ       25%        N/A       4%          3
 Cigotuvi's Dreadful Rot  Necr/Pois/Air  30%        N/A       6%          2
 Passwall                 Tmut/Erth      10%        N/A       8%          2
 Portal Projectile        Hex/Tloc       32%        N/A       11%         3
 Summon Lightning Spire   Summ/Air       28%        N/A       12%         4
 Tukima's Dance           Hex            12%        N/A       16%         3
 Manifold Assault         Tloc           20%        N/A       26%         4
 Airstrike                Air            9%         2d(2-18)  28%         4
 Ozocubu's Refrigeration  Ice            29%        4d14      36%         7
 Leda's Liquefaction      Hex/Erth       6%         N/A       45%         4
 Olgreb's Toxic Radiance  Pois           12%        N/A       45%         4
 Simulacrum               Ice/Necr       19%        N/A       58%         6
 Orb of Destruction       Conj           21%        9d8       94%         7
 Spellforged Servitor     Conj/Summ      20%        N/A       97%         7
 Monstrous Menagerie      Summ           19%        N/A       99%         7
 Haunt                    Necr/Summ      12%        N/A       100%        7
 Borgnjor's Revivificati  Necr           6%         N/A       100%        8
 Discord                  Hex            6%         N/A       100%        8
 Ignition                 Fire           6%         3d4       100%        8
 Death's Door             Necr           6%         N/A       100%        9


Dungeon Overview and Level Annotations

Branches:
Dungeon (9/15)             Temple (1/1) D:4            Lair (5/5) D:8
 Shoals (0/4) Lair:2       Spider (0/4) Lair:3          Orc (0/2) D:9
Ossuary (visited)
  Slime: Lair:4-5

Altars:
Ashenzari
Cheibriados
Dithmenos
Fedhas
Gozag
Hepliaklqana
Kikubaaqudgha
Makhleb
Nemelex Xobeh
Okawaru
Qazlal
Ru
Sif Muna
Trog
Uskayaw
Vehumet
Wu Jian
Xom
Yredelemnul

Shops:
D:5 *   D:8 ?*:[   D:9 =

Annotations:
D:6 2 transporters, mn3067's ghost, novice MfSh


Innate Abilities, Weirdness & Mutations

You have a pair of small horns on your head.
You are mostly covered in large bone plates. (SH +6)
You are mostly covered in sharp spines.
Spells you cast may paralyse adjacent enemies.


Message History

Press ? for a list of commands and other information.
Casting: Hailstorm (safe; 1% risk of failure)
Press: ? - help, Q - select action, (/) - cycle Dir - look around, f - activate A cannonade of hail descends around you!
The hail pelts the spriggan rider!
The spriggan rider is severely wounded.
The hail pelts the cane toad!!
The cane toad is severely wounded.
The hail pelts the polar bear!
The polar bear partially resists.
The polar bear is severely wounded.
Malevolent energies surge around you.
The spriggan rider hits you from afar with a +0 spear!!
* * * LOW HITPOINT WARNING * * *
You hear some strange, mumbled words.
You block the cane toad's attack.
Unknown command.
Unknown command.
Unknown command.
Unknown command.
Casting: Hailstorm (safe; 1% risk of failure)
Press: ? - help, Q - select action, (/) - cycle Dir - look around, f - activate A cannonade of hail descends around you!
The hail pelts the cane toad!!
You kill the cane toad!
The cane toad's corpse dissolves into shadows!
The hail pelts the spriggan rider!!
You kill the hornet!
Sif Muna accepts your kill.
The spriggan falls from its now dead mount.
The spriggan is severely wounded.
The hail pelts the polar bear!
The polar bear partially resists.
You kill the polar bear!
Sif Muna accepts your kill. Malevolent energies surge around you.
The cane toad stings you!
* * * LOW HITPOINT WARNING * * *
The spriggan hits you from afar with a +0 spear!
You die...

............♣♣♣....♣
......##....♣♣..††.♣♣
...####P..#h.....♣..♣♣
.. #.......÷h♣♣♣.ii♣♣
. ###..##♣♣♣♣ ♣♣.Fh♣..
. #..†..# ♣......
...##..[i## ♣..†♣..
.PP....F..# ♣♣.h♣ ♣
.......@÷#..♣ ♣♣.♣
.............♣ ..
.###.##.......♣ ... ##
......#♣♣ ♣.. #...#.##
♣.. ##...## .... ...##


You could see a cane toad (summoned) and a spriggan.

Vanquished Creatures
  Kirke (Lair:3)
  A hydra (Lair:2)
  Erica (Lair:1)
  A skyshark (Lair:3)
  Pikel (D:8)
  5 elephants (Lair:3)
  A moth of wrath (D:7)
  A torpor snail (Lair:2)
  A black mamba (Lair:4)
  Joseph (D:8)
  10 cane toads
  Psyche (D:8)
  5 rime drakes
  4 komodo dragons
  3 hornets
  A troll (D:6)
  A polar bear (Lair:5)
  15 blink frogs
  3 jumping spiders (Lair:3)
  A slime creature (Lair:4)
  A culicivora (Lair:3)
  A spriggan (Lair:5)
  A shadow (D:9)
  33 yaks
  5 basilisks
  Grum (Lair:1)
  4 hogs (Lair:3)
  3 wyverns
  3 redbacks (Lair:3)
  Menkaure (D:7)
  2 acid dragons
  9 water moccasins
  5 ice beasts
  An orc warrior (D:8)
  5 black bears
  6 ogres
  A boggart (Lair:5)
  7 wolves
  A centaur (D:8)
  A lemure (D:8)
  2 phantoms
  A kobold brigand (D:8)
  13 bullfrogs
  4 scorpions
  5 wights (D:9)
  9 centaur zombies (Ossuary)
  6 jellies
  8 orc priests
  3 hounds
  Jessica (D:3)
  A sleepcap (D:7)
  8 iguanas
  5 orc wizards
  6 hell rats (Lair:4)
  6 mummies (Ossuary)
  4 gnolls (D:6)
  10 adders
  An ufetubus (D:4)
  8 worms
  3 dart slugs
  28 orcs
  6 ball pythons
  23 endoplasms
  5 giant cockroaches
  4 hobgoblins
  8 kobolds
  4 quokkas
  8 bats
  2 frilled lizards
  10 goblins
  A hobgoblin zombie (Ossuary)
  6 rats
358 creatures vanquished.

Vanquished Creatures (collateral kills)
  Gastronok (Lair:1)
  A skyshark (Lair:3)
  A cane toad (Lair:3)
  A polar bear (Lair:5)
  A blink frog (Lair:1)
  5 yaks
  2 water moccasins
  An orc warrior (D:9)
  A kobold brigand (D:9)
  A bullfrog (Lair:1)
  2 orc priests (D:9)
  An orc wizard (D:9)
  5 kobolds (D:9)
23 creatures vanquished.

Vanquished Creatures (others)
  A butterfly (D:5)
1 creature vanquished.

Grand Total: 382 creatures vanquished

Notes
Turn   | Place    | Note
-------+----------+-------------------------------------------
     0 | D:1      | CrazyBamboolord the Demonspawn Ice Elementalist began the
                  | quest for the Orb.
     0 | D:1      | Reached XP level 1. HP: 13/13 MP: 3/3
   192 | D:1      | Gained mutation: You are partially covered in sharp spines.
                  | [demonic ancestry]
   192 | D:1      | Reached XP level 2. HP: 19/19 MP: 1/5
   771 | D:1      | Found a faded altar of an unknown god.
   898 | D:2      | Gained mutation: Spells you cast may paralyse adjacent
                  | enemies. [demonic ancestry]
   898 | D:2      | Reached XP level 3. HP: 20/25 MP: 3/6
  1000 | D:2      | Found a basalt altar of Yredelemnul.
  1578 | D:3      | Gained mutation: You are partially covered in large bone
                  | plates. (SH +4) [demonic ancestry]
  1578 | D:3      | Reached XP level 4. HP: 31/31 MP: 3/8
  1984 | D:3      | Noticed an ogre
  1989 | D:3      | Killed an ogre
  1990 | D:3      | Reached XP level 5. HP: 36/36 MP: 4/10
  2055 | D:3      | Noticed Jessica
  2060 | D:3      | Killed Jessica
  2064 | D:3      | Got Jessica's Textbook on the Crypt
  2087 | D:3      | Learned a level 3 spell: Frozen Ramparts
  2091 | D:3      | Learned a level 3 spell: Ozocubu's Armour
  2095 | D:3      | Learned a level 3 spell: Hailstorm
  2095 | D:3      | Upgraded the game from 0.31-a0-358-gac0dbeb3ab to
                  | 0.31-a0-361-g0f8bd3a31e
  2661 | D:4      | Noticed an ogre
  2678 | D:4      | Killed an ogre
  2679 | D:4      | Reached skill level 1 in Fighting
  2679 | D:4      | Gained mutation: You are mostly covered in large bone
                  | plates. (SH +6) [demonic ancestry]
  2679 | D:4      | Reached XP level 6. HP: 43/43 MP: 1/12
  3005 | D:4      | Reached skill level 5 in Ice Magic
  3149 | D:4      | Reached skill level 1 in Conjurations
  3238 | D:4      | Found a staircase to the Ecumenical Temple.
  3321 | Temple   | Entered the Ecumenical Temple
  3402 | Temple   | Became a worshipper of Sif Muna the Loreminder
  3519 | D:4      | Reached XP level 7. HP: 48/48 MP: 10/13
  4385 | D:5      | Entered Level 5 of the Dungeon
  4474 | D:5      | Reached skill level 5 in Spellcasting
  5092 | D:5      | Identified the +0 battleaxe "Yjang" {flame, Str+4 Int+2}
  5171 | D:5      | Reached XP level 8. HP: 56/56 MP: 9/16
  5389 | D:5      | Found Wtyl's Whimsical Warehouse.
  5493 | D:5      | Reached * piety under Sif Muna
  5975 | D:6      | Identified the +5 dire flail of Optimality {drain, Fly}
  5976 | D:6      | Found a transporter.
  5976 | D:6      | Found a transporter.
  5977 | D:6      | Noticed mn3067's ghost (novice MfSh)
  5994 | D:6      | Noticed a troll
  5999 | D:6      | Killed a troll
  6666 | D:6      | Gained mutation: You have a pair of small horns on your
                  | head. [demonic ancestry]
  6666 | D:6      | Reached XP level 9. HP: 64/64 MP: 12/19
  7394 | D:7      | Found a sand-covered staircase.
  7399 | Ossuary  | Entered an ossuary
  7413 | Ossuary  | Reached ** piety under Sif Muna
  7414 | Ossuary  | Reached skill level 1 in Invocations
  7549 | Ossuary  | Learned a level 4 spell: Summon Ice Beast
  7766 | D:7      | Found an ornate altar of the Wu Jian Council.
  7864 | D:7      | Noticed Menkaure
  7871 | D:7      | Killed Menkaure
  7872 | D:7      | Reached skill level 1 in Summonings
  8212 | D:7      | Noticed a moth of wrath
  8216 | D:7      | Found a bloodstained altar of Trog.
  8221 | D:7      | Killed a moth of wrath
  8531 | D:8      | Noticed Pikel
  8540 | D:8      | Killed Pikel
  8541 | D:8      | Reached XP level 10. HP: 69/73 MP: 3/21
  8726 | D:8      | Found Acaaj's Assorted Antiques.
  8729 | D:8      | Bought a scroll labelled YNIALOO LOCI for 21 gold pieces
  8729 | D:8      | Bought a bubbling emerald potion for 18 gold pieces
  8729 | D:8      | Bought 2 brown potions for 37 gold pieces
  8729 | D:8      | Bought a scroll of identify for 42 gold pieces
  8799 | D:8      | Found Jishril's Antique Armour Shoppe.
  8804 | D:8      | Bought a fine robe for 165 gold pieces
  8804 | D:8      | Identified the +0 robe of Moudih {rF+ Int+2 Dex-3} (You
                  | bought it in a shop on level 8 of the Dungeon)
  8827 | D:8      | Found a burning altar of Makhleb.
  8851 | D:8      | Found Ukirugge's Book Shoppe.
  8861 | D:8      | Noticed Joseph
  8872 | D:8      | Killed Joseph
  8991 | D:8      | Noticed Psyche
  8998 | D:8      | Killed Psyche
  9115 | D:8      | Found a staircase to the Lair.
  9159 | D:8      | HP: 1/73 [yak (13)]
  9204 | D:8      | Reached *** piety under Sif Muna
  9489 | D:8      | Found Xahoakh's Magic Scroll Shoppe.
  9779 | D:8      | Reached skill level 5 in Dodging
  9948 | D:8      | Reached skill level 5 in Fighting
 10071 | D:8      | Got the Exposition on Unified Minerals
 10601 | D:9      | Found a staircase to the Orcish Mines.
 10909 | D:9      | Reached skill level 5 in Conjurations
 10984 | D:9      | Found Cecw's Jewellery Boutique.
 11173 | D:8      | Gained mutation: You are mostly covered in sharp spines.
                  | [demonic ancestry]
 11173 | D:8      | Reached XP level 11. HP: 79/79 MP: 13/23
 11185 | Lair:1   | Entered Level 1 of the Lair of Beasts
 11233 | Lair:1   | Noticed Erica
 11280 | Lair:1   | Killed Erica
 11281 | Lair:1   | Reached skill level 5 in Invocations
 11286 | Lair:1   | Found a snail-covered altar of Cheibriados.
 11526 | Lair:1   | Noticed Gastronok
 11541 | Lair:1   | Killed Gastronok
 11548 | Lair:1   | Reached **** piety under Sif Muna
 11882 | Lair:1   | Noticed Grum
 11886 | Lair:1   | Killed Grum
 12668 | D:8      | Bought a scroll of blinking for 105 gold pieces
 12668 | D:8      | Bought a scroll of teleportation for 42 gold pieces
 12873 | Lair:2   | Noticed a four-headed hydra
 12878 | Lair:2   | Killed a two-headed hydra
 12942 | Lair:2   | Reached skill level 10 in Spellcasting
 13159 | Lair:2   | Found a staircase to the Shoals.
 13352 | Lair:2   | Reached skill level 10 in Ice Magic
 13369 | Lair:2   | Reached XP level 12. HP: 79/88 MP: 19/26
 14707 | Lair:3   | Reached skill level 5 in Summonings
 14780 | Lair:3   | Noticed Kirke
 14786 | Lair:3   | Killed Kirke
 14921 | Lair:3   | Found a hole to the Spider Nest.
 15053 | Lair:3   | Reached ***** piety under Sif Muna
 15581 | Lair:3   | Received a gift from Sif Muna
 15582 | Lair:3   | Got Sif Muna's Atlas of Injury {god gift}
 15589 | Lair:3   | Learned a level 5 spell: Freezing Cloud
 15594 | Lair:3   | Learned a level 4 spell: Iskenderun's Mystic Blast
 15928 | Lair:4   | Reached XP level 13. HP: 95/95 MP: 14/28
 16280 | Lair:4   | Reached skill level 1 in Translocations
 16280 | Lair:4   | Reached skill level 1 in Air Magic
 17362 | Lair:5   | Entered Level 5 of the Lair of Beasts
 17643 | Lair:5   | Received a gift from Sif Muna
 17647 | Lair:5   | HP: 1/96 [cane toad[a boggart] (17)]
 17647 | Lair:5   | Mangled by a spriggan

Illustrated notes

Levels and vault maps discovered:
D:1:      mrwooster_arrival_statue_3, layout_basic,
          chequers_ecumenical_altar_lobes, amethyst_killhole,
          minmay_misc_feat_secret_circle, minmay_misc_feat_columns,
          columned_hall_lemuel
D:2:      layout_basic, basic_altar
D:3:      layout_loops_ring, nrook_loot_triangle, kennysheep_jessica_study
D:4:      layout_basic, minmay_temple_entry_enclosed_plants, serial_forest,
          infiniplex_forest_clump_diagonal, infiniplex_forest_lined_3,
          infiniplex_forest_clump_C, infiniplex_forest_straight_4,
          infiniplex_forest_clump_small, infiniplex_forest_clump_small,
          infiniplex_forest_corner_1, minmay_misc_feat_pillars,
          corexii_leaking_fountain
D:5:      layout_basic, nicolae_elyvilon_peaceful_grove, nicolae_alphabet_shops,
          minmay_ogre_servants
D:6:      layout_loops_cross, gammafunk_ghost_smash, serial_bayou_pond_d,
          minmay_quadrilaterals
D:7:      layout_rooms, tgw_trog, mainiacjoe_overflow_24_doors, enter_ossuary_5,
          uniq_menkaure
D:8:      layout_basic, bloody_makhleb, zin_statuary, minmay_lair_entry_grove,
          serial_shops, shop, shop, nicolae_shop_tiny_real_fake_doors,
          nicolae_shop_trees, nicolae_sextant, uniq_psyche, uniq_pikel,
          uniq_joseph
D:9:      layout_loops_ring, orc_0_dummy, serial_shops, shop
Temple:   minmay_crystal_spiral_temple
Lair:1:   layout_regular_city, basic_altar, infiniplex_staircase_pool,
          uniq_erica, uniq_grum, uniq_gastronok
Lair:2:   layout_long_grid, elwin_shoals_entry_rocks, serial_bayou_shore_a
Lair:3:   layout_regular_city, nicolae_spider_entry_tight_spaces,
          lemuel_fruit_tree, uniq_kirke
Lair:4:   lemuel_slime, layout_cave_pods, st_stairs_6, grunt_megastairs_1
Lair:5:   minmay_lair_end_enchanted_forest, layout_small_grid,
          nicolae_slime_entry_field_trip, st_stairs_7,
          dreamdust_mushroom_princess

Skill      XL: |  1  2  3  4  5  6  7  8  9 10 11 12 13 |
---------------+----------------------------------------+-----
Dodging        | 2 3 4 5 6 |  6.7
Stealth        | 2 3 4 |  4.0
Ice Magic      | 4 5 6 7 8 10 11 | 11.4
Spellcasting   | 3 4 5 6 7 8 10 11 | 11.7
Fighting       | 1 2 3 4 5 6 7 |  7.0
Conjurations   | 1 2 3 4 5 6 7 |  7.0
Invocations    | 3 4 6 7 8 |  8.1
Summonings     | 2 3 4 5 |  5.7
Translocations | 1 |  1.6
Air Magic      | 1 |  1.4
Shields        | |  0.1

Action                     |  1- 3 |  4- 6 |  7- 9 | 10-12 | 13-15 || total
---------------------------+-------+-------+-------+-------+-------++-------
  Melee: Unarmed           |    15 |    16 |       |       |       ||    31
         Hand axe          |       |     4 |    10 |       |       ||    14
         Battleaxe         |       |       |    46 |   100 |    32 ||   178
         Headbutt          |       |       |     3 |    31 |     8 ||    42
   Cast: Freeze            |    48 |    77 |    83 |    39 |    12 ||   259
         Ozocubu's Armour  |       |     1 |    14 |    20 |     2 ||    37
         Frozen Ramparts   |       |     1 |     7 |    26 |    12 ||    46
         Hailstorm         |       |       |    57 |   134 |    37 ||   228
         Summon Ice Beast  |       |       |       |    36 |     4 ||    40
         Freezing Cloud    |       |       |       |       |     3 ||     3
  Evoke: Wand              |       |       |       |     2 |       ||     2
    Use: Scroll            |       |     3 |     8 |    10 |       ||    21
         Potion            |       |       |     1 |     3 |       ||     4
   Stab: Paralysed         |       |    15 |    40 |    42 |    14 ||   111
         Sleeping          |       |       |       |     1 |       ||     1
 Armour: Robe              |    10 |     4 |    40 |    74 |    17 ||   145
  Dodge: Dodged            |    34 |    15 |    87 |   109 |    38 ||   283
  Block: Other             |       |     6 |    31 |    41 |    13 ||    91

Table legend: (Time is in decaauts)
 A = Elapsed time spent in this place.
 B = Non-inter-level travel time spent in this place.
 C = Inter-level travel time spent in this place.
 D = Time resting spent in this place.
 E = Time spent auto-exploring this place.
 F = Levels seen in this place.
 G = Mean time per level.
                   A        B        C        D        E       F      G
               +--------+--------+--------+--------+--------+-----+--------+
         Total |  17764 |  16883 |    881 |    716 |  13643 |  16 | 1110.2 |
       Dungeon |  10942 |  10371 |    571 |    261 |   8636 |   9 | 1215.8 |
        Temple |    162 |      2 |    160 |      0 |      0 |   1 |  162.0 |
          Lair |   6446 |   6296 |    150 |    346 |   4981 |   5 | 1289.2 |
       Ossuary |    212 |    212 |      0 |    109 |     26 |   1 |  212.0 |
               +--------+--------+--------+--------+--------+-----+--------+

Top non-repeatable levels by time:
     D:8: 2052 daAuts
  Lair:3: 1766 daAuts
     D:4: 1707 daAuts
  Lair:4: 1623 daAuts
     D:6: 1530 daAuts
  Lair:1: 1433 daAuts
  Lair:2: 1422 daAuts
     D:5: 1282 daAuts
     D:3: 1130 daAuts
     D:7: 863 daAuts
     D:9: 849 daAuts
     D:1: 832 daAuts
     D:2: 694 daAuts
 Ossuary: 212 daAuts
  Lair:5: 200 daAuts
